 Dungeon Crawl Stone Soup version 0.23-b1-70-gd12f7cf (webtiles) character file.

Game seed: 14758779871658237093

1397 Yuikono the Skirmisher (level 8, -1/73 HPs)
             Began as a Hill Orc Fighter on Feb 6, 2019.
             Was a Believer of Beogh.
             Slain by a killer bee (7 damage)
             ... on level 7 of the Dungeon.
             The game lasted 00:10:29 (7587 turns).

Yuikono the Skirmisher (Hill Orc Fighter)           Turns: 7587, Time: 00:10:30

Health: -1/73      AC: 12    Str: 21    XL:     8   Next: 69%
Magic:  8/8        EV:  6    Int:  8    God:    Beogh [**....]
Gold:   298        SH: 10    Dex: 10    Spells: 7/7 levels left

rFire    . . .     SeeInvis .   a - +0 long sword
rCold    . . .     Gourm    .   c - +0 shield
rNeg     . . .     Faith    .   p - +0 chain mail
rPois    +         Spirit   .   (no helmet)
rElec    .         Reflect  .   (no cloak)
rCorr    +         Harm     .   y - +1 pair of gloves
MR       .....                  (no boots)
Stlth    ..........             (no amulet)
HPRegen  0.22/turn              E - ring of resist corrosion
MPRegen  0.11/turn              D - ring of poison resistance

@: lethally poisoned (-1 -> -2)
A: no striking features
a: Smiting, Renounce Religion


You were on level 7 of the Dungeon.
You worshipped Beogh.
Beogh was pleased with you.
You were near starving.

You visited 1 branch of the dungeon, and saw 7 of its levels.

You collected 298 gold pieces.

Inventory:

Hand Weapons
 a - a +0 long sword (weapon)
Missiles
 e - 82 stones (quivered)
 j - 7 tomahawks
 l - 109 arrows
 w - 44 bolts
Armour
 b - a +0 scale mail
 c - a +0 shield (worn)
 p - a +0 chain mail (worn)
 y - a +1 pair of gloves (worn)
Jewellery
 C - an uncursed ring of flight
 D - a ring of poison resistance (right hand)
 E - a ring of resist corrosion (left hand)
Wands
 A - a wand of disintegration (23)
Scrolls
 g - a scroll of amnesia {unknown}
 h - a scroll of random uselessness {unknown}
 k - 2 scrolls of teleportation {unknown}
 n - 8 scrolls of identify
 o - 5 scrolls of remove curse
 s - a scroll of magic mapping {unknown}
 u - 2 scrolls of enchant weapon {unknown}
 v - 2 scrolls of blinking {unknown}
 B - a scroll of enchant armour {unknown}
Potions
 d - a potion of might
 i - 6 potions of curing {unknown}
 m - 5 potions of degeneration {unknown}
 q - 3 potions of lignification {unknown}
 r - a potion of ambrosia {unknown}
 t - a potion of flight {unknown}
 x - a potion of heal wounds {unknown}
 z - a potion of agility {unknown}
 F - a potion of brilliance {unknown}
Comestibles
 f - 10 rations


   Skills:
 + Level 7.2 Fighting
 + Level 6.0 Long Blades
 + Level 6.6 Armour
 + Level 6.5 Shields


You had 7 spell levels left.
You didn't know any spells.
Your spell library contained the following spells:

 Spells                   Type           Power        Failure   Level  Hunger
 Animate Skeleton         Necr           N/A          100%        1    ##.....
 Apportation              Tloc           #.....       100%        1    ##.....
 Beastly Appendage        Tmut           #.....       100%        1    ##.....
 Confusing Touch          Hex            #.....       100%        1    ##.....
 Summon Small Mammal      Summ           #...         100%        1    ##.....
 Sticks to Snakes         Tmut           #.......     100%        2    ###....
 Spider Form              Tmut/Pois      #.........   100%        3    ####...
 Ice Form                 Ice/Tmut       #.......     100%        4    #####..
 Blade Hands              Tmut           #.........   100%        5    ######.


Dungeon Overview and Level Annotations

Branches:
Dungeon (7/15)
 Temple: D:4-7

Altars:
Okawaru


Message History

The killer bee stings you but does no damage.
Your chain mail prevents you from hitting the killer bee.
The killer bee stings you but does no damage. x2
You hit the killer bee.
The killer bee is moderately wounded.
The killer bee stings you but does no damage.
The killer bee barely misses you.
You closely miss the killer bee.
The killer bee is moderately wounded.
You feel sick.
The killer bee stings you but does no damage.
The killer bee stings you.
* * * LOW HITPOINT WARNING * * *
You block the killer bee's attack.
You closely miss the killer bee.
The killer bee is moderately wounded.
The killer bee stings you.
* * * LOW HITPOINT WARNING * * *
The killer bee stings you!
You die...

.......#######
..............
.......#######
.......# .......#
.......#
.......#########
...............#####
#######........y@..#
#........###.#
#..........# #
######.....# ##....#
####.# ... .###


You could see a killer bee.

Vanquished Creatures
  Sigmund (D:5)
  An ice beast (D:5)
  A black bear (D:6)
  2 phantoms
  3 ogres
  A bullfrog (D:6)
  A scorpion (D:7)
  2 killer bees (D:7)
  2 crimson imps
  2 hounds (D:5)
  An orc priest (D:3)
  Jessica (D:2)
  An iguana (D:5)
  A worker ant (D:6)
  9 adders
  An ooze (D:6)
  2 adder zombies
  6 worms
  3 dart slugs
  2 leopard geckos
  14 orcs
  8 giant cockroaches
  7 goblins
  3 hobgoblins
  10 jackals
  5 kobolds
  2 quokkas
  2 ball pythons
  7 bats
  2 frilled lizards (D:4)
  A quokka zombie (D:5)
  4 rats
108 creatures vanquished.

Vanquished Creatures (others)
  An orc priest (D:4)
  2 orcs (D:4)
3 creatures vanquished.

Grand Total: 111 creatures vanquished

Notes
Turn   | Place    | Note
-------+----------+-------------------------------------------
     0 | D:1      | Yuikono the Hill Orc Fighter began the quest for the Orb.
     0 | D:1      | Reached XP level 1. HP: 19/19 MP: 1/1
   329 | D:1      | Reached XP level 2. HP: 20/27 MP: 2/2
   616 | D:1      | Reached skill level 4 in Fighting
  1050 | D:2      | Reached XP level 3. HP: 32/33 MP: 3/3
  1494 | D:2      | Noticed Jessica
  1506 | D:2      | Killed Jessica
  1506 | D:2      | Reached XP level 4. HP: 29/41 MP: 4/4
  1984 | D:2      | You fall through a shaft for 2 floors!
  2027 | D:4      | Became a worshipper of Beogh the Brigand
  3046 | D:3      | Reached XP level 5. HP: 35/47 MP: 5/5
  4015 | D:3      | Reached * piety under Beogh
  4228 | D:4      | Noticed a phantom
  4306 | D:4      | Killed a phantom
  4306 | D:4      | Reached skill level 5 in Fighting
  4306 | D:4      | Reached XP level 6. HP: 24/56 MP: 6/6
  5134 | D:4      | Reached skill level 5 in Armour
  5649 | D:5      | Entered Level 5 of the Dungeon
  5665 | D:5      | Reached skill level 5 in Shields
  5665 | D:5      | Reached XP level 7. HP: 61/61 MP: 7/7
  5702 | D:5      | Noticed Sigmund
  5719 | D:5      | Killed Sigmund
  5897 | D:5      | Reached skill level 6 in Fighting
  6072 | D:5      | Found an iron altar of Okawaru.
  6303 | D:5      | Reached skill level 5 in Long Blades
  6614 | D:5      | Reached XP level 8. HP: 70/71 MP: 8/8
  6959 | D:6      | Reached ** piety under Beogh
  7345 | D:6      | Reached skill level 7 in Fighting
  7587 | D:7      | Slain by a killer bee

Skill      XL: |  1  2  3  4  5  6  7  8 |
---------------+-------------------------+-----
Fighting       | 4 5 6 7 |  7.2
Long Blades    | 3 4 5 6 |  6.0
Armour         | 4 5 6 |  6.6
Shields        | 4 5 6 |  6.5

Action                   |  1- 3 |  4- 6 |  7- 9 || total
-------------------------+-------+-------+-------++-------
Melee: Long sword        |    89 |   276 |   235 ||   600
Throw: Stone             |     1 |    30 |     6 ||    37
       Tomahawk          |       |     2 |       ||     2
Invok: Convert to Beogh  |       |     1 |       ||     1
Evoke: Wand              |       |       |     2 ||     2
  Use: Scroll            |       |     1 |     1 ||     2
       Potion            |       |       |     1 ||     1
  Eat: Chunk             |     1 |    10 |     6 ||    17
       Ration            |       |     1 |       ||     1
Armor: Scale mail        |    64 |    10 |       ||    74
       Chain mail        |       |   117 |   109 ||   226
Dodge: Dodged            |    44 |    62 |    49 ||   155
Block: Shield            |    71 |   133 |   115 ||   319
       Rpst.: Long sword |    14 |    20 |    13 ||    47
